 Dungeon Crawl Stone Soup version 0.23.1 (webtiles) character file.

Game seed: 228322352795915783

30108 poirepourri the Peltast (level 13, 0/83 HPs)
             Began as a Gargoyle Fighter on Mar 2, 2019.
             Was a High Priest of Cheibriados.
             Slain by a white ugly thing (5 damage)
             ... summoned by a boggart
             ... on level 15 of the Dungeon.
             The game lasted 00:17:37 (14201 turns).

poirepourri the Peltast (Gargoyle Fighter)         Turns: 14201, Time: 00:17:37

Health: 0/83       AC: 14    Str: 30    XL:     13   Next: 49%
Magic:  13/13      EV: 14    Int: 24    God:    Cheibriados [*****.]
Gold:   455        SH: 24    Dex: 25    Spells: 12/12 levels left

rFire    + + +     SeeInvis .   a - +6 mace (elec)
rCold    + + +     Gourm    .   c - +4 shield
rNeg     + . .     Faith    .   b - +2 plate armour {rC+}
rPois    ∞         Spirit   .   (helmet restricted)
rElec    +         Reflect  .   p - scarf {rC+ rF+}
rCorr    +         Harm     .   i - +0 pair of gloves
MR       +....                  (no boots)
Stlth    ..........             D - amulet of regeneration
HPRegen  0.63/turn              y - ring of protection from fire
MPRegen  0.13/turn              K - ring of protection from magic

@: resistant, corroded, berserk cooldown, slowed, very slow
A: horns 1, large bone plates 1, clever 1, negative energy resistance 1,
electricity resistance, weak 1, unbreathing, petrification resistance, rot
immunity, AC +9
a: Bend Time, Temporal Distortion, Slouch, Step From Time, Renounce Religion


You were on level 15 of the Dungeon.
You worshipped Cheibriados.
Cheibriados was extremely pleased with you.
You were not hungry.

You visited 2 branches of the dungeon, and saw 15 of its levels.

You collected 905 gold pieces.
You spent 450 gold pieces at shops.

Inventory:

Hand Weapons
 a - a +6 mace of electrocution (weapon)
 G - the +8 lance "Wyrmbane" {slay drac, rPois rF+ rC+ AC+3}
   (You took it off a centaur warrior on level 11 of the Dungeon)

   It affects your AC (+3).
   It protects you from fire.
   It protects you from cold.
   It protects you from poison.
 I - the +11 hand axe of Evil {pain, rElec rF+ Dex+3}
   (You took it off a wight on level 11 of the Dungeon)

   In the hands of one skilled in necromantic magic, it inflicts extra damage on
   living creatures.
   It affects your dexterity (+3).
   It protects you from fire.
   It insulates you from electricity.
Missiles
 e - 155 bolts
 j - 18 javelins
 n - 4 exploding tomahawks
 s - 4 tomahawks (quivered)
Armour
 b - a +2 plate armour of cold resistance (worn)
 c - a +4 shield (worn)
 i - a +0 pair of gloves (worn)
 p - a scarf of resistance (worn)
Jewellery
 t - an uncursed ring of ice
 y - a ring of protection from fire (left hand)
 z - the amulet "Osuhuaqe" {Acrobat Int+2}
   (You took it off a wight on level 11 of the Dungeon)

   [amulet of the acrobat]

   It helps you evade while moving and waiting.
   It affects your intelligence (+2).
 D - an amulet of regeneration (around neck)
 K - a ring of protection from magic (right hand)
Wands
 g - a wand of flame (45)
 m - a wand of acid (7)
 w - a wand of paralysis (5)
 x - a wand of polymorph (7)
 A - a wand of enslavement (12)
 J - a wand of iceblast (17)
Scrolls
 f - 13 scrolls of teleportation
 k - 4 scrolls of remove curse
 B - a scroll of magic mapping
Potions
 l - 2 potions of brilliance
 o - 4 potions of lignification
 q - a potion of magic
 v - 2 potions of flight
Miscellaneous
 H - a phantom mirror
Comestibles
 h - 10 rations


   Skills:
 - Level 10.5 Fighting
 - Level 10.3 Maces & Flails
 - Level 8.4 Armour
 + Level 7.4 Dodging
 - Level 15.3 Shields


You had 12 spell levels left.
You didn't know any spells.
Your spell library contained the following spells:

 Spells                   Type           Power        Failure   Level  Hunger
 Beastly Appendage        Tmut           #.....       75%         1    ##.....
 Magic Dart               Conj           #...         75%         1    ##.....
 Blink                    Tloc           N/A          86%         2    ###....
 Call Imp                 Summ           #.......     86%         2    ###....
 Slow                     Hex            #.......     86%         2    ###....
 Sticks to Snakes         Tmut           #.......     86%         2    ###....
 Conjure Flame            Conj/Fire      #.......     98%         3    ####...
 Mephitic Cloud           Conj/Pois/Air  #.......     98%         3    ####...
 Spider Form              Tmut/Pois      #.........   98%         3    ####...
 Ice Form                 Ice/Tmut       #.......     100%        4    #####..
 Blade Hands              Tmut           #.........   100%        5    ######.


Dungeon Overview and Level Annotations

Branches:
Dungeon (13/15)            Temple (1/1) D:7            Lair (0/6) D:8
    Orc (0/2) D:12
 Vaults: D:13-14

Altars:
Ashenzari
Cheibriados
Dithmenos
Elyvilon
Fedhas
Gozag
Hepliaklqana
Kikubaaqudgha
Makhleb
Nemelex Xobeh
Okawaru
Qazlal
Ru
Sif Muna
Trog
Uskayaw
Vehumet
Wu Jian
Xom
Yredelemnul
Zin
The Shining One

Shops:
D:9 =

Annotations:
D:7 exclusion: statue
D:8 2 runed translucent doors, DungeonDestroyer's ghost, novice MiFi
D:11 3 runed translucent doors


Innate Abilities, Weirdness & Mutations

You are resistant to torment.
Your stone body is resilient. (AC +9)
You are immune to poison.
You resist negative energy. (rN+)
You are resistant to electric shocks. (rElec)
You can survive without breathing.
You are immune to petrification.
You are immune to rotting.
You have a pair of small horns on your head.
You are partially covered in large bone plates. (SH +4)
Your mind is acute. (Int +2)
You are weak. (Str -2)


Message History

Lightning courses through the white ugly thing!
The white ugly thing is moderately wounded.
You are no longer berserk.
You are exhausted.
You feel yourself slow down.
The meliai zombie hits you but does no damage.
You block the meliai zombie's attack.
The brown ugly thing basks in the mutagenic energy from its kin and changes!
It was a potion of resistance.
You feel protected.
The meliai zombie hits you but does no damage.
The meliai zombie barely misses you. x2; You block the meliai zombie's attack.
You block the white ugly thing's attack.
The meliai zombie hits you but does no damage.
The meliai zombie barely misses you.
The red ugly thing basks in the mutagenic energy from its kin and changes!
The white ugly thing headbutts you.
* * * LOW HITPOINT WARNING * * *
The white ugly thing freezes you. You resist.
You die...

#.≈.........#
#........#..#
+###........#
#...........######
#.≈..............#
#................#
.###..........CZu#
#..........#Z##
#........#.#@#
#..........#u####
.............uu..#
#############..#.+
...........#
...........#
....#####'#### ...
#.....+ .. ####u##


You could see 4 ugly things, a cyclops, a centaur warrior zombie and a meliai
zombie.

Vanquished Creatures
  Josephine (D:11)
  A centaur warrior (D:11)
  A hydra (D:13)
  Erica (D:8)
  3 two-headed ogres
  An unseen horror (D:12)
  An orc knight (D:11)
  10 ugly things
  2 manticores
  A centaur zombie (D:13)
  Maurice (D:11)
  2 cyclopes (D:12)
  Joseph (D:8)
  3 gargoyles
  A kobold demonologist (D:11)
  A yaktaur (D:11)
  A tengu conjurer (D:11)
  5 trolls
  9 slime creatures (D:12)
  Grinder (D:6)
  2 hippogriffs
  Sigmund (D:5)
  5 wraiths
  17 yaks
  2 hungry ghosts
  Grum (D:8)
  Menkaure (D:4)
  An acid dragon (D:11)
  5 orc warriors
  4 porcupines (D:8)
  3 ice beasts
  5 sky beasts
  2 eyes of draining
  A necrophage (D:6)
  6 phantoms
  2 boggarts (D:15)
  3 black bears
  2 wolves (D:8)
  9 ogres
  14 centaurs
  2 crocodiles
  2 big kobolds
  A gnoll sergeant (D:8)
  6 bullfrogs
  A water moccasin skeleton (D:10)
  5 scorpions
  9 wights
  6 killer bees (D:10)
  2 howler monkeys
  8 crimson imps
  2 bullfrog zombies
  4 hounds (D:8)
  A bullfrog skeleton (D:11)
  3 centaur skeletons
  6 orc priests
  2 gnoll shamans
  2 jellies
  Jessica (D:2)
  6 iguanas
  10 orc wizards
  8 worker ants
  A killer bee zombie (D:9)
  The ghost of Lanoc the Shield-Bearer, a weakling FoFi of Makhleb (D:3)
  A hound skeleton (D:10)
  A worker ant zombie (D:7)
  12 adders
  12 gnolls
  3 shadow imps
  An ooze (D:1)
  An adder zombie (D:8)
  An adder skeleton (D:8)
  6 worms
  A leopard gecko (D:8)
  44 orcs
  5 bats
  8 giant cockroaches
  2 gnoll zombies (D:2)
  11 goblins
  8 hobgoblins
  15 jackals
  8 quokkas
  2 ball pythons
  17 frilled lizards
  A jackal zombie (D:7)
  16 kobolds
  A quokka skeleton (D:9)
  12 rats
411 creatures vanquished.

Vanquished Creatures (collateral kills)
  A slime creature (D:12)
1 creature vanquished.

Vanquished Creatures (others)
  An unseen horror (D:11)
  29 fungi (D:8)
30 creatures vanquished.

Grand Total: 442 creatures vanquished

Notes
Turn   | Place    | Note
-------+----------+-------------------------------------------
     0 | D:1      | poirepourri the Gargoyle Fighter began the quest for the
                  | Orb.
     0 | D:1      | Reached XP level 1. HP: 14/14 MP: 1/1
   115 | D:1      | Reached XP level 2. HP: 18/19 MP: 2/2
   557 | D:1      | Reached XP level 3. HP: 23/23 MP: 3/3
  1218 | D:2      | Reached XP level 4. HP: 21/28 MP: 4/4
  1308 | D:2      | Noticed Jessica
  1315 | D:2      | Killed Jessica
  1543 | D:2      | Reached skill level 5 in Maces & Flails
  1553 | D:2      | Found a basalt altar of Yredelemnul.
  1802 | D:3      | Reached XP level 5. HP: 32/32 MP: 5/5
  2362 | D:3      | Found a runed translucent door.
  2365 | D:3      | Noticed Lanoc's ghost (weakling FoFi)
  2420 | D:3      | Found an ornate altar of the Wu Jian Council.
  2714 | D:3      | Killed Lanoc's ghost
  2751 | D:4      | Reached XP level 6. HP: 37/37 MP: 6/6
  3473 | D:4      | Reached XP level 7. HP: 29/41 MP: 7/7
  4342 | D:5      | Entered Level 5 of the Dungeon
  4342 | D:5      | Noticed Menkaure
  4351 | D:4      | Killed Menkaure
  4917 | D:5      | Noticed Sigmund
  4937 | D:5      | Killed Sigmund
  4937 | D:5      | Reached XP level 8. HP: 41/46 MP: 8/8
  4971 | D:5      | Found a white marble altar of Elyvilon.
  5285 | D:6      | Reached skill level 10 in Maces & Flails
  5588 | D:6      | Reached skill level 5 in Fighting
  5725 | D:6      | Reached XP level 9. HP: 41/55 MP: 9/9
  5866 | D:6      | Noticed Grinder
  5879 | D:6      | Killed Grinder
  6503 | D:7      | Found a radiant altar of Vehumet.
  6535 | D:7      | Found an ornate altar of the Wu Jian Council.
  6594 | D:7      | Found a staircase to the Ecumenical Temple.
  6735 | Temple   | Entered the Ecumenical Temple
  7154 | D:8      | Found an opulent altar of Gozag.
  7212 | D:8      | Noticed Erica
  7229 | D:8      | Killed Erica
  7229 | D:8      | Reached skill level 10 in Fighting
  7229 | D:8      | Reached XP level 10. HP: 57/68 MP: 10/10
  7280 | D:8      | Reached skill level 4 in Shields
  7294 | D:8      | Noticed Grum
  7305 | D:8      | Killed Grum
  7305 | D:8      | Reached skill level 5 in Shields
  7355 | D:8      | Found a hide-covered altar of Uskayaw.
  7454 | D:8      | Reached skill level 6 in Shields
  7501 | D:8      | Reached skill level 7 in Shields
  7646 | D:8      | Found a staircase to the Lair.
  7811 | D:8      | Found an ancient bone altar of Kikubaaqudgha.
  7827 | D:8      | Noticed Joseph
  7847 | D:8      | Killed Joseph
  7847 | D:8      | Reached skill level 8 in Shields
  7991 | D:8      | Found a glowing silver altar of Zin.
  8159 | D:8      | Found a large runed translucent door.
  8160 | D:8      | Found a large runed translucent door.
  8161 | D:8      | Noticed DungeonDestroyer's ghost (novice MiFi)
  8568 | D:8      | Reached skill level 9 in Shields
  8609 | D:8      | Noticed a manticore
  8632 | D:8      | Killed a manticore
  8742 | D:8      | Reached skill level 10 in Shields
  8899 | D:8      | Noticed a green ugly thing
  8911 | D:8      | Killed a green ugly thing
  8911 | D:8      | Reached XP level 11. HP: 70/73 MP: 11/11
  9229 | D:9      | Found a shadowy altar of Dithmenos.
  9279 | D:9      | Found a snail-covered altar of Cheibriados.
  9287 | D:9      | Became a worshipper of Cheibriados the Contemplative
  9321 | D:9      | Noticed a two-headed ogre
  9335 | D:9      | Killed a two-headed ogre
  9335 | D:9      | Reached skill level 11 in Shields
  9815 | D:9      | Found Debref Ylips's Jewellery Emporium.
  9825 | D:9      | Bought an uncursed amulet of regeneration for 450 gold
                  | pieces
  9905 | D:9      | Found a stormy altar of Qazlal.
 10052 | D:9      | Found a sparkling altar of Nemelex Xobeh.
 10128 | D:10     | Entered Level 10 of the Dungeon
 10151 | D:10     | Reached skill level 12 in Shields
 10157 | D:10     | Reached * piety under Cheibriados
 10876 | D:10     | Reached skill level 13 in Shields
 11126 | D:11     | Reached ** piety under Cheibriados
 11168 | D:11     | Noticed a red ugly thing
 11182 | D:11     | Killed a red ugly thing
 11203 | D:11     | Noticed a two-headed ogre
 11219 | D:11     | Killed a two-headed ogre
 11294 | D:11     | Reached skill level 14 in Shields
 11300 | D:11     | Noticed a two-headed ogre
 11313 | D:11     | Killed a two-headed ogre
 11313 | D:11     | Reached XP level 12. HP: 59/78 MP: 12/12
 11366 | D:11     | Noticed Josephine
 11419 | D:11     | Killed Josephine
 11419 | D:11     | Reached skill level 15 in Shields
 11577 | D:11     | Reached *** piety under Cheibriados
 11782 | D:11     | Noticed a sun demon
 11785 | D:11     | Paralysed by a kobold demonologist for 5 turns
 11791 | D:11     | Reached skill level 5 in Armour
 11918 | D:11     | Found a runed translucent door.
 11920 | D:11     | Found a runed translucent door.
 11920 | D:11     | Found a runed translucent door.
 12070 | D:11     | Found a burning altar of Makhleb.
 12077 | D:11     | Noticed a centaur warrior
 12096 | D:11     | Killed a centaur warrior
 12240 | D:11     | Identified the +11 hand axe of Evil {pain, rElec rF+ Dex+3}
 12240 | D:11     | Identified the amulet "Osuhuaqe" {Acrobat Int+2}
 12241 | D:11     | Noticed Maurice
 12263 | D:11     | Killed Maurice
 12558 | D:12     | Reached **** piety under Cheibriados
 12565 | D:12     | Found a white marble altar of Elyvilon.
 12644 | D:12     | Found a staircase to the Orcish Mines.
 12655 | D:12     | Reached skill level 1 in Dodging
 12807 | D:12     | Reached XP level 13. HP: 83/83 MP: 13/13
 13231 | D:12     | Reached skill level 5 in Dodging
 13348 | D:12     | Reached ***** piety under Cheibriados
 14090 | D:13     | You fall through a shaft for 2 floors!
 14090 | D:15     | Entered Level 15 of the Dungeon
 14186 | D:15     | Gained mutation: You are weak. (Str -2) [potion of
                  | mutation]
 14186 | D:15     | Gained mutation: Your mind is acute. (Int +2) [potion of
                  | mutation]
 14186 | D:15     | Gained mutation: You are partially covered in large bone
                  | plates. (SH +4) [potion of mutation]
 14186 | D:15     | Gained mutation: You have a pair of small horns on your
                  | head. [potion of mutation]
 14201 | D:15     | Slain by a white ugly thing

Skill      XL: |  1  2  3  4  5  6  7  8  9 10 11 12 13 |
---------------+----------------------------------------+-----
Maces & Flails | 3 4 5 6 7 9 10 | 10.3
Fighting       | 5 10 | 10.5
Shields        | 10 14 15 | 15.3
Armour         | 8 |  8.4
Dodging        | 3 7 |  7.4

Action                   |  1- 3 |  4- 6 |  7- 9 | 10-12 | 13-15 || total
-------------------------+-------+-------+-------+-------+-------++-------
Melee: Flail             |   160 |   269 |       |       |       ||   429
       Mace              |       |     9 |   380 |  1083 |   324 ||  1796
       Headbutt          |       |       |       |       |     5 ||     5
Evoke: Wand              |       |       |       |       |     7 ||     7
       Box of beasts     |       |       |       |       |     1 ||     1
  Use: Scroll            |     4 |     8 |     6 |     6 |     8 ||    32
       Potion            |       |     3 |     2 |     5 |     7 ||    17
  Eat: Ration            |     1 |     2 |     3 |     6 |     1 ||    13
       Chunk             |       |       |     1 |       |       ||     1
Armor: Scale mail        |    85 |   187 |   218 |   127 |       ||   617
       Skin              |       |       |    35 |       |    26 ||    61
       Plate armour      |       |       |       |   466 |   150 ||   616
       Chain mail        |       |       |       |    29 |       ||    29
Dodge: Dodged            |    45 |   128 |    78 |   247 |   102 ||   600
Block: Shield            |    74 |   215 |   156 |   899 |   386 ||  1730
